 Dungeon Crawl Stone Soup version 0.28-a0-239-g68911e0c57 (webtiles) character file.

Game seed: 7865581302116558641

4 siradein the Skirmisher (level 1, 0/18 HPs)
             Began as a Demonspawn Abyssal Knight on Aug 24, 2021.
             Was an Initiate of Lugonu.
             Slain by a gnoll (8 damage)
             ... on level 1 of the Dungeon.
             The game lasted 00:00:48 (180 turns).

siradein the Skirmisher (Demonspawn Abyssal Knight)  Turns: 180, Time: 00:00:48

Health: 0/18       AC:  8    Str: 12    XL:     1   Next: 50%
Magic:  2/2        EV:  5    Int: 13    God:    Lugonu [......]
Gold:   46         SH:  0    Dex: 12    Spells: 0/0 levels left

rFire   . . .      SeeInvis .   a - +1 mace
rCold   . . .      Faith    .   (no shield)
rNeg    . . .      Spirit   .   c - +0 chain mail
rPois   .          Reflect  .   (no helmet)
rElec   .          Harm     .   (no cloak)
rCorr   .          Rampage  .   (no gloves)
Will    .....                   (no boots)
Stlth   ..........              (no amulet)
HPRegen 0.06/turn               (no ring)
MPRegen 0.08/turn               (no ring)

@: no status effects
A: no striking features
a: Renounce Religion


You were on level 1 of the Dungeon.
You worshipped Lugonu.
Lugonu was noncommittal.
You visited 1 branch of the dungeon, and saw 1 of its levels.
You visited the Abyss 1 time.

You collected 46 gold pieces.

Inventory:

Hand Weapons
 a - a +1 mace (weapon)
Armour
 c - a +0 chain mail (worn)
Scrolls
 d - a scroll of magic mapping {unknown}


   Skills:
 - Level 3.0 Fighting
 + Level 2.0 Maces & Flails
 - Level 1.7 Armour
 - Level 0.8 Dodging
 + Level 2.7 Invocations


You couldn't memorise any spells.
You didn't know any spells.
Your spell library was empty.

Dungeon Overview and Level Annotations

Branches:
Dungeon (1/15)

Altars:


Message History

The frilled lizard bites you but does no damage.
You sock the frilled lizard!
You kill the frilled lizard!
Lugonu accepts your kill.
Your Maces & Flails skill increases to level 2!
No target in view!
No target in view!
You now have 46 gold pieces (gained 7).
Things that are here:
15 arrows; a frilled lizard corpse A gnoll comes into view.
It is wielding a +0 whip.
The gnoll shouts!
A gnoll is nearby!
A gnoll is nearby!
A gnoll is nearby!
A gnoll is nearby!
A gnoll is nearby!
A kobold comes into view. It is wielding a +0 dagger.
The kobold shouts!
Things that are here:
15 arrows; a frilled lizard corpse The gnoll hits you but does no damage.
You closely miss the gnoll. The gnoll hits you with a +0 whip.
You closely miss the gnoll. The gnoll hits you but does no damage.
You hit the gnoll.
The gnoll is lightly wounded.
The gnoll hits you with a +0 whip. The gnoll closely misses you.
You barely miss the gnoll.
The gnoll is lightly wounded.
The gnoll barely misses you.
You sock the gnoll!
The gnoll is severely wounded.
The gnoll hits you with a +0 whip!
You are too injured to fight recklessly!
You are too injured to fight recklessly!
You are too injured to fight recklessly!
You hit the gnoll but do no damage.
The gnoll is severely wounded.
The gnoll hits you with a +0 whip!
You die...

### #.# ### #.#
##.####.#
##...)...#
.#####.....#####
.................
.##
#####.....######
#...!#######...##
#....Kg@(....##
.....#.#####.##
### ... ..# .....
#### ##...# ##.#
#. #.


You could see a gnoll and a kobold.

Vanquished Creatures
  A quokka (D:1)
  2 frilled lizards (D:1)
  A kobold (D:1)
  A rat (D:1)
5 creatures vanquished.

Notes
Turn   | Place    | Note
-------+----------+-------------------------------------------
     0 | Abyss:1  | siradein the Demonspawn Abyssal Knight began the quest for
                  | the Orb.
     0 | Abyss:1  | Reached XP level 1. HP: 18/18 MP: 2/2
    45 | Abyss:3  | Noticed an ancient zyme
    48 | D:1      | Escaped the Abyss
   180 | D:1      | Slain by a gnoll

Illustrated notes

Levels and vault maps discovered:
D:1:      dpeg_arrival_subterranean_lakeside_camping, layout_loops_ring,
          shapermc_ecumenical_altar_venn, minmay_cut_off

Skill      XL: |  1 |
---------------+----+-----
Maces & Flails | 2 |  2.0
Fighting       | |  3.0
Armour         | |  1.7
Dodging        | |  0.8
Invocations    | |  2.7

Action                   || total
-------------------------++-------
Melee: Mace              ||    16
Invok: Depart the Abyss  ||     1
Armor: Chain mail        ||    10
Dodge: Dodged            ||     4

Table legend: (Time is in decaauts)
 A = Elapsed time spent in this place.
 B = Non-inter-level travel time spent in this place.
 C = Inter-level travel time spent in this place.
 D = Time resting spent in this place.
 E = Time spent auto-exploring this place.
 F = Levels seen in this place.
 G = Mean time per level.
                   A        B        C        D        E       F      G
               +--------+--------+--------+--------+--------+-----+--------+
         Total |    185 |    185 |      0 |      0 |    101 |   4 |   46.2 |
       Dungeon |    137 |    137 |      0 |      0 |     98 |   1 |  137.0 |
         Abyss |     47 |     47 |      0 |      0 |      3 |   3 |   15.7 |
               +--------+--------+--------+--------+--------+-----+--------+

Top non-repeatable levels by time:
     D:1: 137 daAuts
 Abyss:3: 30 daAuts
 Abyss:2: 13 daAuts
 Abyss:1: 3 daAuts
